 Dungeon Sprint DCSS version bcrawl-1.19.2-6-g6a88ae04c9 (webtiles) character file.

Game seed: 3243666455232264920

97 Freyura the Cudgeler (level 4, -10/31 HPs)
             Began as a Gargoyle Fighter on Jan 7, 2020.
             Mangled by an orc warrior
             ... wielding a +0 trident
              (12 damage)
             ... in the Dungeon (Sprint IX: "|||||||||||||||||||||||||||||").
             The game lasted 00:01:00 (39 turns).

Freyura the Cudgeler (Gargoyle Fighter)               Turns: 39, Time: 00:01:00

Health: -10/31     AC: 11    Str: 24    XL:     4   Next: 68%
Magic:  4/4        EV:  9    Int:  9    God:
Gold:   0          SH: 10    Dex: 10    Spells: 3/3 levels left

rFire    . . .     SeeInvis .   a - +0 flail
rCold    . . .     Gourm    .   c - +0 shield
rNeg     + . .     Faith    .   b - +0 scale mail
rPois    ∞         Spirit   .   (no helmet)
rElec    +         Reflect  .   (no cloak)
rCorr    .         Harm     .   (no gloves)
MR       .....     NoTele   +   (no boots)
Stlth    ..........             (no amulet)
HPRegen  0.10/turn              (no ring)
MPRegen  0.09/turn              (no ring)

@: mighty, berserk cooldown, slowed, very slow
A: negative energy resistance 1, electricity resistance, unbreathing,
petrification resistance, rot immunity, AC +3
a: no special abilities


You were in the Dungeon.
You were not hungry.

You visited 1 branch

Inventory:

Hand Weapons
 a - a +0 flail (weapon)
Armour
 b - a +0 scale mail (worn)
 c - a +0 shield (worn)
Scrolls
 k - a scroll of blinking
Potions
 e - a potion of curing
 g - a potion of heal wounds
 h - a potion of haste
 i - 2 potions of magic
Comestibles
 f - a ration {!d}


   Skills:
 + Level 5.0 Fighting
 * Level 5.5 Maces & Flails
 + Level 5.1 Armour
 + Level 2.6 Dodging
 + Level 5.0 Shields


You had 3 spell levels left.
You didn't know any spells.
Your spell library was empty.

Dungeon Overview and Level Annotations

Branches:
Dungeon (1/1)

Altars:


Innate Abilities, Weirdness & Mutations

You are resistant to torment.
Your stone body is resilient. (AC +3)
You are immune to poison.
You resist negative energy. (rN+)
You are resistant to electric shocks. (rElec)
You can survive without breathing.
You are immune to petrification.
You are immune to rotting.


Message History

Your Maces & Flails skill increases to level 5!
Your Armour skill increases to level 5!
Your Shields skill increases to level 5!
You block the orc warrior's attack.
The orc warrior hits you from afar with a +0 trident.
You block the orc warrior's attack.
You see here a howler monkey corpse.
You hit the orc warrior.
The orc warrior is lightly wounded.
The orc warrior hits you with a +0 trident!
* * * LOW HITPOINT WARNING * * *
You block the orc warrior's attack.
You sock the orc warrior!
The orc warrior is moderately wounded.
You block the orc warrior's attack.
You barely miss the orc warrior.
The orc warrior is moderately wounded.
You are no longer corroded.
The orc warrior hits you with a +0 trident!
You die...

▓.▓
▓)▓
▓(▓
▓.▓
▓.▓
▓.▓
▓.▓
▓†▓
▓@▓
▓o▓
▓o▓
▓.▓
▓.▓
▓+▓


You could see an orc warrior and an orc.

Vanquished Creatures
  A howler monkey (D)
  A jelly (D)
  A worker ant (D)
  A dart slug (D)
  A giant cockroach (D)
  A goblin (D)
  A kobold (D)
  A rat (D)
8 creatures vanquished.

Notes
Turn   | Place    | Note
-------+----------+-------------------------------------------
     0 | D        | Freyura the Gargoyle Fighter began the quest for the Orb.
     0 | D        | Reached XP level 1. HP: 14/14 MP: 1/1
    15 | D        | Reached skill level 1 in Dodging
    15 | D        | Reached XP level 2. HP: 20/20 MP: 2/2
    21 | D        | Noticed a howler monkey
    21 | D        | Noticed an orc warrior
    26 | D        | Reached XP level 3. HP: 24/24 MP: 3/3
    29 | D        | Reached XP level 4. HP: 30/30 MP: 4/4
    35 | D        | Reached skill level 5 in Fighting
    35 | D        | Reached skill level 5 in Maces & Flails
    35 | D        | Reached skill level 5 in Armour
    35 | D        | Reached skill level 5 in Shields
    39 | D        | Mangled by an orc warrior

Skill      XL: |  1  2  3  4 |
---------------+-------------+-----
Dodging        | 1 2 |  2.6
Fighting       | 4 5 |  5.0
Maces & Flails | 4 5 |  5.5
Armour         | 4 5 |  5.1
Shields        | 4 5 |  5.0

Action                   |  1- 3 |  4- 6 || total
-------------------------+-------+-------++-------
Melee: Flail             |    17 |     8 ||    25
  Use: Potion            |     2 |       ||     2
Armor: Scale mail        |     5 |       ||     5
Dodge: Dodged            |     5 |     2 ||     7
Block: Shield            |     5 |     6 ||    11
